 Dungeon Crawl Stone Soup version 0.20.1-1-g8b1a95d (webtiles) character file.

117 Schiappus the Skirmisher (level 4, 0/37 HPs)
             Began as a Demonspawn Berserker on Sept 18, 2017.
             Was a Believer of Trog.
             Killed by divine providence
             ... invoked by an orc priest
              (14 damage)
             ... on level 3 of the Dungeon.
             The game lasted 00:09:01 (2146 turns).

Schiappus the Skirmisher (Demonspawn Berserker)     Turns: 2146, Time: 00:09:02

Health: 0/37       AC: 13    Str: 18    XL:     4   Next: 71%
Magic:  4/4        EV: 10    Int:  8    God:    Trog [**....]
Gold:   156        SH:  0    Dex: 13    Spells: 3/3 levels left

rFire    + . .     SeeInvis .   e - +0 mace
rCold    + + .     Gourm    .   (no shield)
rNeg     . . .     Faith    .   p - +0 scale mail
rPois    .         Spirit   .   (no helmet)
rElec    .         Reflect  .   n - scarf {rC+ rF+}
rCorr    .         Harm     .   (no gloves)
MR       .....                  q - +0 pair of boots
Stlth    ..........             (no amulet)
Regen    0.2/turn               h - +6 ring of protection
MPRegen  0.1/turn               f - ring of protection from cold

@: slowed, very slow
A: spiny 1
a: Berserk, Trog's Hand, Burn Spellbooks, Renounce Religion


You were on level 3 of the Dungeon.
You worshipped Trog.
Trog was pleased with you.
You were not hungry.

You visited 1 branch of the dungeon, and saw 3 of its levels.

You collected 156 gold pieces.

Inventory:

Hand Weapons
 a - a +0 hand axe
 e - a +0 mace (weapon)
Armour
 n - a scarf of resistance (worn)
 p - a +0 scale mail (worn)
 q - a +0 pair of boots (worn)
Jewellery
 f - a ring of protection from cold (right hand)
 h - a +6 ring of protection (left hand)
Scrolls
 d - a scroll of teleportation
 i - a scroll of blinking
 l - 2 scrolls of remove curse
 o - a scroll of immolation {unknown}
Potions
 b - a potion of invisibility
 j - 2 potions of degeneration
 r - 2 potions of lignification {unknown}
Comestibles
 c - 3 bread rations
 g - 4 meat rations
 k - a royal jelly
 m - 3 fruits


   Skills:
 + Level 3.9 Fighting
 + Level 3.8 Axes
 + Level 2.1 Armour
 + Level 2.1 Dodging
 + Level 1.1 Stealth


You had 3 spell levels left.
You didn't know any spells.

Dungeon Overview and Level Annotations

Branches:
Dungeon (3/15)

Altars:
The Shining One


Innate Abilities, Weirdness & Mutations

You are partially covered in sharp spines.


Message History

The orc wizard gestures at you while chanting.
You feel as though you will be slow longer.
You closely miss the orc wizard.
The orc wizard is almost dead.
The orc wizard misses you. The orc closely misses you.
The orc priest looks braver for a moment.
The orc wizard gestures at you while chanting.
You feel as though you will be slow longer.
The orc barely misses you.
The orc wizard hits you but does no damage.
You closely miss the orc wizard.
The orc wizard is almost dead.
The orc shouts!
The orc wizard is no longer moving quickly.
The orc wizard completely misses you.
The orc wizard casts a spell.
The orc wizard blinks!
The orc is struck by your spines. The orc misses you.
The orc priest calls down the wrath of Beogh upon you.
Beogh smites you!
You die...

.. .......
#.#.......
......... #.#
#.#####o.......
#.# #.....oo# #.#
#######o# #.# ###
#o# #.###.. #o#
#.#.... #@#
#.#.#.. #ยง#
##.#.... #.#
######....... #.#
##......#.....
#.###...###.......
#.##.#.#.###....).
#......[..........
####.#>#.###......
##...## ##...#.


You could see an orc priest, an orc wizard and 4 orcs.

Vanquished Creatures
  6 adders
  5 dart slugs
  2 leopard geckos (D:1)
  3 orcs (D:3)
  7 giant cockroaches
  3 goblins
  6 hobgoblins
  3 kobolds
  A quokka (D:2)
  4 bats
  5 frilled lizards
  7 rats
52 creatures vanquished.

Notes
Turn   | Place    | Note
-------+----------+-------------------------------------------
     0 | D:1      | Schiappus the Demonspawn Berserker began the quest for the Orb.
     0 | D:1      | Reached XP level 1. HP: 18/18 MP: 1/1
   104 | D:1      | Gained mutation: You are partially covered in sharp spines. [demonic ancestry]
   104 | D:1      | Reached XP level 2. HP: 9/24 MP: 2/2
   527 | D:1      | Found a glowing golden altar of the Shining One.
   741 | D:1      | Reached XP level 3. HP: 24/29 MP: 3/3
   997 | D:2      | Reached ** piety under Trog
  1281 | D:2      | Reached XP level 4. HP: 30/37 MP: 4/4
  1761 | D:2      | Reached skill level 1 in Stealth
  2146 | D:3      | Killed from afar by an orc priest

Skill      XL: |  1  2  3  4 |
---------------+-------------+-----
Dodging        | 2 |  2.1
Axes           | 3 |  3.8
Armour         | 2 |  2.1
Stealth        | 1 |  1.1
Fighting       | |  3.9

Action                   |  1- 3 |  4- 6 || total
-------------------------+-------+-------++-------
Melee: Hand axe          |    86 |    22 ||   108
       Mace              |       |    23 ||    23
  Use: Scroll            |     5 |     3 ||     8
       Potion            |     1 |     1 ||     2
 Stab: Sleeping          |     2 |       ||     2
  Eat: Royal jelly       |     1 |       ||     1
       Meat ration       |       |     1 ||     1
Armor: Animal skin       |     8 |       ||     8
       Ring mail         |    13 |       ||    13
       Scale mail        |       |    34 ||    34
Dodge: Dodged            |    50 |    38 ||    88
